 Dungeon Crawl Stone Soup version 0.22-a0-40-g3d2f077 (webtiles) character file.

10061 Gorglomux the Blocker (level 11, -11/100 HPs)
             Began as a Deep Dwarf Fighter on Jan 4, 2018.
             Was an Elder of Makhleb.
             Mangled by a phantasmal warrior (22 damage)
             ... led by a death knight
             ... on level 11 of the Dungeon.
             The game lasted 00:09:28 (8180 turns).

Gorglomux the Blocker (Deep Dwarf Fighter)          Turns: 8180, Time: 00:09:29

Health: -11/100    AC: 16    Str: 28    XL:     11   Next: 31%
Magic:  9/9        EV: 11    Int:  9    God:    Makhleb [****..]
Gold:   514        SH: 18    Dex: 12    Spells: 10/10 levels left

rFire    . . .     SeeInvis .   a - +0 war axe
rCold    . . .     Gourm    .   c - +0 shield
rNeg     . . .     Faith    .   K - +0 chain mail
rPois    +         Spirit   .   (no helmet)
rElec    .         Reflect  +   (no cloak)
rCorr    .         Harm     .   E - +2 pair of gloves of the Original Sin {rPois}
MR       +....                  H - +0 pair of boots
Stlth    ..........             J - +6 amulet of reflection
HPRegen  0.00/turn              l - ring of flight
MPRegen  0.11/turn              (no ring)

@: mighty, non-regenerating
A: damage resistance, heal wounds, sense surroundings 2, no regeneration
a: Heal Wounds, Minor Destruction, Lesser Servant of Makhleb, Major Destruction,
Renounce Religion, Evoke Flight


You were on level 11 of the Dungeon.
You worshipped Makhleb.
Makhleb was greatly pleased with you.
You were not hungry.

You visited 2 branches of the dungeon, and saw 12 of its levels.

You collected 514 gold pieces.

Inventory:

Hand Weapons
 a - a +0 war axe (weapon)
 G - the +1 hand axe of Gallantry {freeze, MR+ SInv}
   (You found it on level 9 of the Dungeon)

   It has been specially enchanted to freeze those struck by it, causing extra
   injury to most foes and up to half again as much damage against particularly
   susceptible opponents.
   It can also slow down cold-blooded creatures.
   It affects your resistance to hostile enchantments.
   It lets you see invisible.
Missiles
 Z - a throwing net (quivered)
Armour
 c - a +0 shield (worn)
 E - the +2 pair of gloves of the Original Sin (worn) {rPois}
   (You found it on level 10 of the Dungeon)

   It protects you from poison.
 H - a +0 pair of boots (worn)
 K - a +0 chain mail (worn)
Jewellery
 l - a ring of flight (left hand)
 J - a +6 amulet of reflection (around neck)
 N - a +2 ring of strength {unknown}
Scrolls
 h - 2 scrolls of fog
 i - 2 scrolls of fear
 o - 4 scrolls of remove curse
 M - 4 scrolls of magic mapping
 O - 2 scrolls of enchant armour {unknown}
 P - a scroll of silence {unknown}
 R - 5 scrolls of identify
 T - 4 scrolls of teleportation
 V - 3 scrolls of blinking {unknown}
 W - a scroll of enchant weapon {unknown}
Potions
 d - 3 potions of might
 m - 3 potions of invisibility
 n - 5 potions of heal wounds
 D - a potion of brilliance {unknown}
 I - 2 potions of lignification {unknown}
 L - 2 potions of resistance
 Q - 4 potions of curing
 S - a potion of degeneration {unknown}
 U - 2 potions of flight
 Y - 2 potions of agility
Books
 F - a book of Conjurations

   Spells                             Type                      Level
   a - Magic Dart                     Conjuration                  1
   b - Searing Ray                    Conjuration                  2
   c - Dazzling Spray                 Conjuration/Hexes            3
   d - Fulminant Prism                Conjuration/Hexes            4
   e - Force Lance                    Conjuration/Translocation    4
   f - Iskenderun's Mystic Blast      Conjuration                  4
Comestibles
 f - 22 rations
 X - 6 chunks of flesh


   Skills:
 + Level 7.5 Fighting
 + Level 8.6 Axes
 + Level 8.8 Armour
 + Level 8.2 Dodging
 + Level 8.9 Shields
 + Level 7.9 Invocations


You had 10 spell levels left.
You didn't know any spells.

Dungeon Overview and Level Annotations

Branches:
Dungeon (11/15)            Temple (1/1) D:4            Lair (0/6) D:11
    Orc: D:9-12

Altars:
Ashenzari
Gozag
Kikubaaqudgha
Makhleb
Ru
Trog
Uskayaw
Xom

Shops:
D:11 %

Annotations:
D:3 2 exclusions


Innate Abilities, Weirdness & Mutations

You are resistant to damage.
You can heal yourself by infusing magical energy.
You passively map the area around you.
You do not regenerate.


Message History

Unknown command!
The phantasmal warrior hits you butt does no damage!
You butt-ly miss the phantasmal warrior!
The phantasmal warrior hits you!
You chop the phantasmal warrior into pieces!
The phantasmal warrior is lightly damaged!
The phantasmal warrior hits you!!!!!!
You slice the freezing wraith like a ripe choko!
The freezing wraith is lightly damaged!
Butt carve the death knight but do no damage!
Unknown command!
You chop the freezing wraith into pieces!!!
The freezing wraith is moderately damaged!
You closely miss the phantasmal warrior!
Your chain mail prevents you from hitting the death knight!
You block the freezing wraith's attack!
You butt the freezing wraith's attack!
The death knight hits you with a BATTLEAXE!!!!!! * * * don't die
* * * The phantasmal warrior hits you!!!!!! rip

, #.....#.....#......#... *
* *, #.....#.....#......#...
, ,. #.....#.....##.....#...
,, , ..
#..####......#.....#...
,,...#+##.........'.....#...
,, ,
......W.........#.....#...
................#.....#...
.....W..pW......#.....#...
,, ,
......†.W@......+.....#... ,
, ##....######....#.....#...
* #... #....#######.). , #..
,* #.............. * ** * #.
#....###....... #, #....#
#######. * * #....# #.
#....# #. ###### ##


You could see a death knight, a phantasmal warrior and 3 freezing wraiths.

Vanquished Creatures
  A two-headed ogre (D:10)
  A manticore (D:11)
  An ugly thing (D:11)
  2 gargoyles (D:11)
  2 centaur skeletons (D:10)
  A troll (D:9)
  A hippogriff (D:8)
  A wyvern (D:11)
  9 yaks
  2 hungry ghosts
  A human (D:11)
  3 hogs (D:11)
  Grum (D:8)
  2 steam dragons
  3 sky beasts
  2 black bears
  3 orc warriors
  A necrophage (D:11)
  A phantom (D:9)
  2 ogres
  2 wolves (D:8)
  A centaur (D:8)
  2 big kobolds
  6 bullfrogs
  4 scorpions
  24 killer bees
  3 wights (D:11)
  4 crimson imps
  A quasit (D:6)
  A bullfrog zombie (D:10)
  3 hounds
  2 bullfrog skeletons
  6 orc priests
  2 jellies (D:8)
  13 orc wizards
  An iguana (D:10)
  6 worker ants
  2 hound skeletons
  11 adders
  8 gnolls
  3 adder zombies (D:8)
  3 oozes
  An adder skeleton (D:5)
  A worm (D:3)
  6 dart slugs
  10 leopard geckos
  37 orcs
  4 ball pythons
  2 bats
  3 giant cockroaches
  13 goblins
  11 hobgoblins
  4 jackals
  4 quokkas
  2 frilled lizards
  23 kobolds
  2 leopard gecko skeletons
  A leopard gecko zombie (D:4)
  3 quokka skeletons
  A quokka zombie (D:9)
  8 rats
284 creatures vanquished.

Notes
Turn   | Place    | Note
-------+----------+-------------------------------------------
     0 | D:1      | Gorglomux the Deep Dwarf Fighter began the quest for the Orb.
     0 | D:1      | Reached XP level 1. HP: 20/20 MP: 1/1
    87 | D:1      | Reached XP level 2. HP: 20/27 MP: 2/2
   217 | D:1      | Reached skill level 1 in Dodging
   324 | D:1      | Reached skill level 3 in Fighting
   324 | D:1      | Reached XP level 3. HP: 24/34 MP: 3/3
  1147 | D:2      | Reached XP level 4. HP: 23/42 MP: 4/4
  1159 | D:2      | Found a shattered altar of Ashenzari.
  1383 | D:2      | Reached skill level 3 in Axes
  1879 | D:3      | Reached XP level 5. HP: 47/49 MP: 5/5
  2561 | D:4      | Noticed an ogre
  2566 | D:4      | Killed an ogre
  2566 | D:4      | Reached XP level 6. HP: 12/57 MP: 5/5
  2630 | D:4      | Reached skill level 3 in Dodging
  2733 | D:4      | Reached XP level 7. HP: 24/64 MP: 4/4
  2839 | D:4      | Found a sacrificial altar of Ru.
  2917 | D:4      | Found a staircase to the Ecumenical Temple.
  3047 | Temple   | Entered the Ecumenical Temple
  3055 | Temple   | Became a worshipper of Makhleb the Destroyer
  3302 | D:5      | Entered Level 5 of the Dungeon
  4179 | D:6      | Reached XP level 8. HP: 41/73 MP: 4/4
  4450 | D:6      | Reached * piety under Makhleb
  4530 | D:6      | Reached skill level 6 in Armour
  4530 | D:6      | Reached skill level 1 in Invocations
  4800 | D:7      | Reached skill level 6 in Shields
  5162 | D:7      | Reached skill level 6 in Axes
  5170 | D:7      | Gained mutation: You passively map the area around you. [Deep Dwarf growth]
  5170 | D:7      | Reached XP level 9. HP: 41/81 MP: 6/6
  5173 | D:7      | Reached skill level 3 in Invocations
  5295 | D:8      | Reached ** piety under Makhleb
  5380 | D:8      | Reached skill level 6 in Dodging
  5389 | D:8      | Reached skill level 6 in Fighting
  5397 | D:8      | Noticed Grum
  5410 | D:8      | Killed Grum
  5625 | D:8      | Reached XP level 10. HP: 40/91 MP: 6/8
  5768 | D:8      | Reached *** piety under Makhleb
  6235 | D:9      | Got a fine hand axe
  6236 | D:9      | Identified the +1 hand axe of Gallantry {freeze, MR+ SInv} (You found it on level 9 of the Dungeon)
  6541 | D:9      | Reached skill level 6 in Invocations
  6778 | D:10     | Entered Level 10 of the Dungeon
  6808 | D:10     | Paralysed by fainting for 5 turns
  6994 | D:10     | Got a pair of bloodstained gloves
  7005 | D:10     | Identified the +2 pair of gloves of the Original Sin {rPois} (You found it on level 10 of the Dungeon)
  7181 | D:10     | Noticed a two-headed ogre
  7206 | D:10     | Killed a two-headed ogre
  7479 | D:10     | Reached **** piety under Makhleb
  7686 | D:11     | Found Hotzax's Food Shoppe.
  7715 | D:11     | Found a staircase to the Lair.
  7808 | D:11     | Reached XP level 11. HP: 93/100 MP: 9/9
  7826 | D:11     | Noticed a death knight
  7827 | D:11     | Noticed a phantasmal warrior
  8138 | D:11     | Noticed a white ugly thing
  8169 | D:11     | Killed a white ugly thing
  8180 | D:11     | Mangled by a phantasmal warrior

Vault maps used:
D:1:      kilobyte_arrival_exit_the_forest, st_stairs_6
D:2:      serial_glass, glass_columns_b, glass_columns_a, glass_columns_c,
          glass_columns_b, first_ration, evilmike_ruin_ashenzari
D:3:      serial_bayou_ford_a, minmay_goblin_outpost
D:4:      cheibrodos_thug_alley, kennysheep_mini, minmay_temple_entry_poolview,
          hex_intersection
D:6:      corexii_shack, minmay_unpleasant_kobolds
D:8:      uniq_grum
D:11:     lair_entry_dummy, serial_shops, nicolae_shop_window_shopping,
          grunt_livestock
Temple:   nicolae_temple_the_god_donut

Skill      XL: |  1  2  3  4  5  6  7  8  9 10 11 |
---------------+----------------------------------+-----
Dodging        | 1 2 3 4 5 6 7 8 |  8.2
Fighting       | 3 4 5 6 7 |  7.5
Axes           | 3 4 6 7 8 |  8.6
Armour         | 4 5 6 7 8 |  8.8
Shields        | 4 5 6 7 8 |  8.9
Invocations    | 2 5 7 |  7.9

Action                   |  1- 3 |  4- 6 |  7- 9 | 10-12 || total
-------------------------+-------+-------+-------+-------++-------
Melee: War axe           |   101 |   211 |   462 |   480 ||  1254
       Hand axe          |       |       |       |    31 ||    31
Invok: Minor Destruction |       |       |       |     5 ||     5
 Abil: Heal Wounds       |       |     6 |    14 |    10 ||    30
  Use: Scroll            |       |     4 |     9 |     3 ||    16
       Potion            |       |       |       |     1 ||     1
  Eat: Chunk             |     1 |     5 |    11 |    15 ||    32
       Ration            |       |       |       |     2 ||     2
Armor: Scale mail        |    37 |   102 |    49 |       ||   188
       Chain mail        |       |       |   200 |   226 ||   426
Dodge: Dodged            |    30 |    75 |   180 |   221 ||   506
Block: Shield            |    55 |   131 |   483 |   572 ||  1241
       Reflection        |       |       |     2 |     3 ||     5

Table legend:
 A = Spawn XP
 B = Non-spawn XP
 C = Spawn XP percentage of total XP
 D = Spawn monster count
 E = Non-spawn monster count
 F = Spawn count percentage of total count
 G = Total turns spent on level
                    A         B        C        D         E        F      G
               +---------+---------+-------+---------+---------+-------+---------
         Total |       0 |   14373 |   0.0 |       0 |     284 |   0.0 |  8180
               +---------+---------+-------+---------+---------+-------+---------
           D:1 |       0 |      64 |   0.0 |       0 |      24 |   0.0 |   940
           D:2 |       0 |     114 |   0.0 |       0 |      23 |   0.0 |   829
           D:3 |       0 |      80 |   0.0 |       0 |      24 |   0.0 |   734
           D:4 |       0 |     628 |   0.0 |       0 |      33 |   0.0 |   784
           D:5 |       0 |     357 |   0.0 |       0 |      14 |   0.0 |   506
           D:6 |       0 |     683 |   0.0 |       0 |      29 |   0.0 |   983
           D:7 |       0 |     981 |   0.0 |       0 |      20 |   0.0 |   487
           D:8 |       0 |    3420 |   0.0 |       0 |      52 |   0.0 |   799
           D:9 |       0 |     967 |   0.0 |       0 |      13 |   0.0 |   701
          D:10 |       0 |    2665 |   0.0 |       0 |      31 |   0.0 |   842
          D:11 |       0 |    4414 |   0.0 |       0 |      21 |   0.0 |   560
               +---------+---------+-------+---------+---------+-------+---------
